 Dungeon Crawl Stone Soup version 0.28.0-49-g6dfe1f597d (console) character file.

Game seed: 6874471256549381179

237 Faeu the Chopper (level 5, 0/48 HPs)
             Began as a Minotaur Berserker on May 15, 2022.
             Was a Believer of Trog.
             Slain by a bullfrog (6 damage)
             ... on level 5 of the Dungeon.
             The game lasted 00:02:52 (2029 turns).

Faeu the Chopper (Minotaur Berserker)               Turns: 2029, Time: 00:02:52

Health: 0/48       AC:  0    Str: 24    XL:     5   Next: 77%
Magic:  4/4        EV: 12    Int:  4    God:    Trog [**....]
Gold:   54         SH:  0    Dex:  9    Spells: 4/4 levels left

rFire   . . .      SeeInvis .   l - +2 spear (venom) {polearm}
rCold   . . .      Faith    .   (no shield)
rNeg    . . .      Spirit   .   b - +0 animal skin
rPois   .          Reflect  .   (helmet restricted)
rElec   .          Harm     .   (no cloak)
rCorr   .          Rampage  .   e - +1 pair of gloves
Will    .....                   (no boots)
Stlth   +.........              (no amulet)
HPRegen 0.16/turn               (no ring)
MPRegen 0.09/turn               (no ring)

@: corroded
A: horns 2, retaliatory headbutt
a: Renounce Religion, Berserk, Trog's Hand


You were on level 5 of the Dungeon.
You worshipped Trog.
Trog was pleased with you.
You visited 1 branch of the dungeon, and saw 4 of its levels.

You collected 54 gold pieces.


Innate Abilities, Weirdness & Mutations

You have a pair of horns on your head.
You reflexively headbutt those who attack you in melee.


   Skills:
 + Level 5.0 Fighting
 + Level 5.0 Axes
 + Level 4.2 Armour
 + Level 3.8 Dodging


You had 4 spell levels left.
You didn't know any spells.
Your spell library contained the following spells:

 Spells                   Type           Power      Damage    Failure   Level
 Beastly Appendage        Tmut           0%         N/A       50%         1
 Wereblood                Tmut           0%         N/A       65%         2
 Spider Form              Tmut/Pois      0%         N/A       86%         3

Inventory:

Hand Weapons
 a - a +0 hand axe {axe}
 l - a +2 spear of venom (weapon) {polearm}
   (You found it on level 2 of the Dungeon)
Armour
 b - a +0 animal skin (worn)
 e - a +1 pair of gloves (worn)
   (You found it on level 1 of the Dungeon)
 j - a +0 pair of gloves
   (You found it on level 2 of the Dungeon)
Scrolls
 f - a scroll of noise {unknown}
 g - 2 scrolls of blinking {unknown}
 h - a scroll of torment {unknown}
 i - a scroll of enchant weapon {unknown}
 k - a scroll of vulnerability {unknown}
 o - a scroll of fog {unknown}
Potions
 c - a potion of curing {unknown}
 d - a potion of invisibility {unknown}
 m - a potion of haste {unknown}
 n - 2 potions of degeneration {unknown}

Dungeon Overview and Level Annotations

Branches:
Dungeon (3/15)

Altars:

#######
+.....#
#.....#
#..#†.#
#....@#
#..sFJ#
#####Z##
.S Zy #
... ....
#....
#####


You could see a hornet, a bullfrog, a scorpion, a jelly (very poisoned), an
adder zombie and a water moccasin skeleton.


Message History

You hit the sky beast.
The sky beast is poisoned.
You headbutt the sky beast! The sky beast misses you.
There are monsters nearby!
You hit the sky beast but do no damage.
The sky beast looks as sick as possible!
Your headbutt misses the sky beast. The adder bites you but does no damage.
The sky beast hits you but does no damage.
There are monsters nearby!
You closely miss the sky beast. You headbutt the sky beast.
The adder bites you but does no damage. The adder misses you.
The sky beast closely misses you.
There are monsters nearby!
You closely miss the sky beast.
The jelly quivers.
You headbutt the sky beast.
You kill the sky beast!
Trog accepts your kill. The hound bites you.
The adder bites you but does no damage.
Your Armour skill increases to level 4!
You have reached level 5!
There are monsters nearby!
You barely miss the hound. The hound bites you but does no damage.
The adder bites you but does no damage. The hound bites you.
There are monsters nearby!
You closely miss the hound. Your punch misses the hound. The adder bites you.
You are poisoned.
The adder poisons you! The hound barely misses you.
There are monsters nearby!
You hit the hound.
The hound is poisoned.
You feel sick. The hound bites you. The adder barely misses you.
There are monsters nearby!
You closely miss the hound.
You feel sick. The hound bites you. The adder barely misses you.
You furiously retaliate!
You headbutt the adder. The hound barely misses you.
The adder completely misses you. You furiously retaliate!
You headbutt the adder!
You kill the adder!
Trog accepts your kill.
You can now call upon Trog for regeneration and willpower. 😕 HP[-5] MP[+1]
You now have 47 max hp (+6).
Your mp is fully restored (4).
A hound is nearby!
You miss the hound.
You feel sick. The hound misses you. 😮 HP[-1]
You take 1 damage, and now have 35/47 hp.
A hound is nearby!
You are too injured to fight recklessly!
A hound is nearby!
You are too injured to fight recklessly!
A hound is nearby!
You are too injured to fight recklessly!
A hound is nearby!
You are too injured to fight recklessly!
You hit the hound.
You feel sick. The hound closely misses you.
The hound bites you but does no damage. 😮 HP[-1]
You take 1 damage, and now have 34/47 hp.
You barely miss the hound.
You feel sick.
You are no longer poisoned.
The hound closely misses you. 😮 HP[-1]
You take 1 damage, and now have 33/47 hp.
You puncture the hound!
You kill the hound!
Trog accepts your kill.
Your Fighting skill increases to level 5!
Your Axes skill increases to level 5! 😮 HP[+1]
You now have 48 max hp (+1).
You hear a distant slurping noise.
You hear a slurping noise.
The jelly eats the door!
A bullfrog and a hornet come into view.
The bullfrog gives a loud, deep croak!
The jelly quivers. 😕 HP[+7]
You regained 7 hp, and now have 41/48 hp.
There are monsters nearby!
You hit the jelly.
Your hands burn!
A scorpion comes into view.
The jelly hits you but does no damage. 😕 HP[-4]
You take 4 damage, and now have 37/48 hp.
There are monsters nearby!
You hit the jelly.
The jelly is poisoned.
The acid corrodes you!
Your hands burn!
The bullfrog barely misses you. You furiously retaliate!
You headbutt the bullfrog! The jelly hits you.
You are splashed with acid!
* * * LOW HITPOINT WARNING * * *
😨 HP[-13]
You take 13 damage, and now have 24/48 hp.
MASSIVE DAMAGE!! (PAUSE)
You puncture the jelly!
Your hands burn!
* * * LOW HITPOINT WARNING * * *
You punch the jelly. The bullfrog hits you.
* * * LOW HITPOINT WARNING * * *
The jelly hits you.
* * * LOW HITPOINT WARNING * * *
You are splashed with acid!
* * * LOW HITPOINT WARNING * * *
The bullfrog hits you.
You die...

Skill      XL: |  1  2  3  4  5 |
---------------+----------------+-----
Fighting       | 4 5 |  5.0
Axes           | 4 5 |  5.0
Armour         | 3 4 |  4.2
Dodging        | 3 |  3.8

Action                   |  1- 3 |  4- 6 || total
-------------------------+-------+-------++-------
Melee: Hand axe          |    53 |     9 ||    62
       Punch             |     2 |     1 ||     3
       Headbutt          |     5 |    10 ||    15
       Spear             |       |    27 ||    27
Armor: Animal skin       |     9 |    10 ||    19
Dodge: Dodged            |    38 |    20 ||    58

Levels and vault maps discovered:
D:1:      mrwooster_arrival_statue, layout_basic,
          ebering_ecumenical_altar_petrified, minmay_ruptured
D:2:      layout_basic, eino_tiny_chamber
D:3:      layout_basic
D:5:      minmay_clustersquares, layout_loops_ring, uniq_prince_ribbit1

Notes
Turn   | Place    | Note
-------+----------+-------------------------------------------
     0 | D:1      | Faeu the Minotaur Berserker began the quest for the Orb.
     0 | D:1      | Reached XP level 1. HP: 19/19 MP: 0/0
     0 | D:1      | magus.rc [v1.9.6]
    53 | D:1      | HP: 5/20 [quokka (4)]
   325 | D:1      | Found a faded altar of an unknown god.
   362 | D:1      | Reached XP level 2. HP: 22/27 MP: 1/1
   510 | D:1      | You pick up a book of Changes {forbidden} and begin
                  | reading...
   510 | D:1      | You add the spells Beastly Appendage, Wereblood and Spider
                  | Form to your library.
   872 | D:2      | Reached skill level 4 in Fighting
   872 | D:2      | Reached skill level 4 in Axes
   872 | D:2      | Reached skill level 3 in Armour
   872 | D:2      | Reached XP level 3. HP: 28/33 MP: 2/2
  1231 | D:2      | Reached skill level 3 in Dodging
  1422 | D:2      | Reached XP level 4. HP: 39/41 MP: 3/3
  1969 | D:3      | You fall into a shaft and drop 2 floors!
  1969 | D:5      | Entered Level 5 of the Dungeon
  1969 | D:5      | Noticed a sky beast
  1973 | D:5      | Killed a sky beast
  1974 | D:5      | Reached skill level 4 in Armour
  1974 | D:5      | Reached XP level 5. HP: 45/47 MP: 4/4
  1977 | D:5      | Reached ** piety under Trog
  1982 | D:5      | Reached skill level 5 in Fighting
  1982 | D:5      | Reached skill level 5 in Axes
  2026 | D:5      | Noticed a hornet
  2029 | D:5      | HP: 6/48 [acid (7)]
  2029 | D:5      | Slain by a bullfrog

Vanquished Creatures
  A sky beast (D:5)
  A hound (D:5)
  7 adders
  A worm (D:3)
  3 dart slugs (D:2)
  4 ball pythons
  9 endoplasms
  3 hobgoblins
  2 quokkas
  2 bats
  3 frilled lizards
  5 goblins
  2 kobolds
  A rat (D:2)
44 creatures vanquished.

Table legend:
 A = Non-vault XP
 B = Vault XP
 C = Vault XP percentage of total XP
 D = Non-vault monster count
 E = Vault monster count
 F = Vault count percentage of total count
                 A         B        C        D         E       F
            +---------+---------+-------+---------+---------+-------
      Total |     143 |     196 |  57.8 |      39 |       5 |  11.4
            +---------+---------+-------+---------+---------+-------
        D:1 |      17 |       3 |  15.0 |      11 |       2 |  15.4
        D:2 |      99 |       0 |   0.0 |      21 |       0 |   0.0
        D:3 |      27 |       0 |   0.0 |       7 |       0 |   0.0
        D:5 |       0 |     193 | 100.0 |       0 |       3 | 100.0
            +---------+---------+-------+---------+---------+-------

Illustrated notes

Table legend:
 A = Kills in this place as a percentage of kills in entire the game.
 B = Kills by you in this place as a percentage of kills by you in the entire game.
 C = Kills by friends in this place as a percentage of kills by friends in the entire game.
 D = Other kills in this place as a percentage of other kills in the entire game.
 E = Experience gained in this place as a percentage of experience gained in the entire game.
 F = Experience gained in this place divided by the number of levels of this place that you have seen.
                   A       B       C       D       E      F
               +-------+-------+-------+-------+-------+----------------------
         Total | 100.0 | 100.0 |   N/A |   N/A | 100.0 |  84.8
       Dungeon | 100.0 | 100.0 |   N/A |   N/A | 100.0 |  84.8
               +-------+-------+-------+-------+-------+----------------------

Table legend: (Time is in decaauts)
 A = Elapsed time spent in this place.
 B = Non-inter-level travel time spent in this place.
 C = Inter-level travel time spent in this place.
 D = Time resting spent in this place.
 E = Time spent auto-exploring this place.
 F = Levels seen in this place.
 G = Mean time per level.
                   A        B        C        D        E       F      G
               +--------+--------+--------+--------+--------+-----+--------+
         Total |   2033 |   1992 |     41 |      0 |   1725 |   4 |  508.2 |
       Dungeon |   2033 |   1992 |     41 |      0 |   1725 |   4 |  508.2 |
               +--------+--------+--------+--------+--------+-----+--------+

Top non-repeatable levels by time:
     D:2: 1024 daAuts
     D:1: 763 daAuts
     D:3: 186 daAuts
     D:5: 58 daAuts
